 Dungeon Crawl Stone Soup version 0.26-a0-478-g6c97825307 (webtiles) character file.

Game seed: 14731742432680888094

384 KristoblXynda the Ducker (level 6, -10/44 HPs)
             Began as a Vampire Gladiator on Aug 1, 2020.
             Was an Initiate of Ashenzari.
             Mangled by Grinder (14 damage)
             ... while paralysed by Grinder
             ... on level 3 of the Dungeon.
             The game lasted 00:05:52 (2604 turns).

KristoblXynda the Ducker (Vampire Gladiator)        Turns: 2604, Time: 00:05:53

Health: -10/44     AC:  6    Str: 14    XL:     6   Next: 47%
Magic:  6/6        EV:  2    Int: 12    God:    Ashenzari [......]
Gold:   67         SH:  0    Dex: 15    Spells: 5/5 levels left

rFire    . . .     SeeInvis +   a - +0 long sword
rCold    . . .     Faith    .   (no shield)
rNeg     + . .     Spirit   .   o - +0 ring mail
rPois    .         Reflect  .   c - +0 helmet
rElec    .         Harm     .   (no cloak)
rCorr    .                      (no gloves)
MR       .....                  (no boots)
Stlth    ++........             (no amulet)
HPRegen  0.34/turn              f - ring of positive energy
MPRegen  0.10/turn              (no ring)

@: paralysed, regenerating quickly
A: fangs 3, thin metallic scales 1, see invisible, deformed body, screaming 1,
unbreathing
a: Exsanguinate, Curse Item, Renounce Religion


You were on level 3 of the Dungeon.
You worshipped Ashenzari.
Ashenzari was noncommittal.
You visited 1 branch of the dungeon, and saw 3 of its levels.

You collected 67 gold pieces.

Inventory:

Hand Weapons
 a - a +0 long sword (weapon)
Missiles
 d - 3 throwing nets (quivered)
Armour
 c - a +0 helmet (worn)
 o - a +0 ring mail (worn)
Jewellery
 f - a ring of positive energy (left hand)
Scrolls
 b - a scroll of fear
 e - a scroll of blinking
 h - a scroll of amnesia {unknown}
 i - a scroll of noise {unknown}
 j - a scroll of magic mapping
Potions
 k - 3 potions of flight


   Skills:
 - Level 2.0 Fighting
 + Level 4.4 Long Blades
 - Level 1.5 Throwing
 + Level 2.3 Armour
 + Level 4.9 Dodging
 + Level 4.9 Stealth


You had 5 spell levels left.
You didn't know any spells.
Your spell library was empty.

Dungeon Overview and Level Annotations

Branches:
Dungeon (3/15)

Altars:
Ashenzari
Hepliaklqana

Annotations:
D:3 Grinder


Innate Abilities, Weirdness & Mutations

Your natural rate of healing is unusually fast.
You have razor-sharp teeth.
You have supernaturally acute eyesight. (SInv)
You can survive without breathing.
You are partially covered in thin metallic scales. (AC +2)
Armour fits poorly on your strangely shaped body.
You occasionally shout uncontrollably at your foes.


Message History

Drop what? 12/52 slots (_ for help) (? for menu, Esc to quit)
You drop a scroll of random uselessness.
Grinder shouts!
You hear a shout!
You barely miss Grinder.
Grinder drinks a potion.
Grinder seems to grow stronger.
You barely miss Grinder. Grinder hits you.
You writhe in agony.
You barely miss Grinder. You bite Grinder, but do no damage.
Grinder says, "You look like you could use a good racking."
Grinder hits you!
You writhe in agony.
You hit Grinder but do no damage. Your bite misses Grinder. Grinder hits you!
You writhe in agony.
Grinder barely misses you.
Grinder says, "What is the universe for?"
Grinder gestures at you.
You suddenly lose the ability to move!
Grinder hits you!
* * * LOW HITPOINT WARNING * * *
You writhe in agony.
* * * LOW HITPOINT WARNING * * *
Grinder hits you!
You die...

# # ## #########..
##########.........#
#..........######..#
#.########.# #..#
...........# #..#
.#########.######5.#####
.# #....†?@........ .#
########........ .#####
#.?.##### .....# #...#
.###.# ....# ## #.#
#...# ####.###### #...#
##.......... ...#
)#.#.#######


You could see Grinder (strong).

Vanquished Creatures
  An orc priest (D:3)
  An orc wizard (D:3)
  Jessica (D:2)
  Terence (D:2)
  Natasha (thrice) (D:2)
  Robin (D:2)
  4 gnolls
  6 adders
  2 worms (D:2)
  3 dart slugs (D:1)
  3 leopard geckos (D:1)
  An orc (D:3)
  2 ball pythons
  A giant cockroach (D:1)
  14 goblins
  9 hobgoblins
  4 jackals (D:1)
  11 bats
  4 frilled lizards
  6 kobolds
  8 rats
86 creatures vanquished.

Notes
Turn   | Place    | Note
-------+----------+-------------------------------------------
     0 | D:1      | KristoblXynda the Vampire Gladiator began the quest for the
                  | Orb.
     0 | D:1      | Reached XP level 1. HP: 16/16 MP: 1/1
   123 | D:1      | Reached skill level 1 in Stealth
   147 | D:1      | Reached XP level 2. HP: 22/22 MP: 2/2
   498 | D:1      | Found a shattered altar of Ashenzari.
   520 | D:1      | Became a worshipper of Ashenzari the Shackled
   584 | D:1      | Reached XP level 3. HP: 26/27 MP: 3/3
   908 | D:2      | Noticed Natasha
   915 | D:2      | Killed Natasha
   915 | D:2      | Reached skill level 1 in Armour
   959 | D:2      | Reached XP level 4. HP: 24/33 MP: 4/4
  1122 | D:2      | Noticed Terence
  1134 | D:2      | Killed Terence
  1195 | D:2      | Noticed Jessica
  1204 | D:2      | Killed Jessica
  1204 | D:2      | Reached XP level 5. HP: 33/38 MP: 5/5
  1208 | D:2      | Noticed Robin
  1239 | D:2      | Killed Robin
  1244 | D:2      | Gained mutation: You occasionally shout uncontrollably at
                  | your foes. [potion of mutation]
  1244 | D:2      | Gained mutation: Armour fits poorly on your strangely
                  | shaped body. [potion of mutation]
  1244 | D:2      | Gained mutation: You are partially covered in thin metallic
                  | scales. (AC +2) [potion of mutation]
  1245 | D:2      | HP: 1/38 [goblin[Robin] (6)]
  1367 | D:2      | Noticed Natasha
  1383 | D:2      | Killed Natasha
  1688 | D:2      | Noticed Natasha
  1702 | D:2      | Killed Natasha
  2111 | D:3      | Reached XP level 6. HP: 44/44 MP: 6/6
  2494 | D:3      | Found a hazy altar of Hepliaklqana.
  2585 | D:3      | Noticed Grinder
  2600 | D:3      | Paralysed by Grinder for 7 turns
  2604 | D:3      | Mangled by Grinder

Illustrated notes

Levels and vault maps discovered:
D:1:      heliophobic_arrival_glass_houses, layout_basic,
          evilmike_ruin_ashenzari
D:2:      layout_loops_ring, uniq_jessica, uniq_terence, uniq_robin,
          uniq_natasha
D:3:      layout_loops_ring, nicolae_overflow_hidden_temple, uniq_grinder

Skill      XL: |  1  2  3  4  5 |
---------------+----------------+-----
Fighting       | 2 |  2.0
Stealth        | 1 2 3 4 |  4.9
Armour         | 1 2 |  2.3
Dodging        | 4 |  4.9
Long Blades    | 4 |  4.4
Throwing       | |  1.5

Action                   |  1- 3 |  4- 6 || total
-------------------------+-------+-------++-------
Melee: Long sword        |    89 |   186 ||   275
       Bite              |    18 |    22 ||    40
  Use: Potion            |       |     4 ||     4
       Scroll            |       |     5 ||     5
 Stab: Sleeping          |     2 |     7 ||     9
Armor: Leather armour    |    28 |    32 ||    60
       Ring mail         |       |    23 ||    23
Dodge: Dodged            |    76 |   158 ||   234
       Rpst.: Long sword |    22 |    41 ||    63

Table legend: (Time is in decaauts)
 A = Elapsed time spent in this place.
 B = Non-inter-level travel time spent in this place.
 C = Inter-level travel time spent in this place.
 D = Time resting spent in this place.
 E = Time spent auto-exploring this place.
 F = Levels seen in this place.
 G = Mean time per level.
                   A        B        C        D        E       F      G
               +--------+--------+--------+--------+--------+-----+--------+
         Total |   2670 |   2603 |     67 |    473 |   1227 |   3 |  890.0 |
       Dungeon |   2670 |   2603 |     67 |    473 |   1227 |   3 |  890.0 |
               +--------+--------+--------+--------+--------+-----+--------+

Top non-repeatable levels by time:
     D:2: 1236 daAuts
     D:1: 869 daAuts
     D:3: 564 daAuts
